 Dungeon Crawl Stone Soup version 0.29.1-1-gd02db6906a (webtiles) character file.

Game seed: 3921965150051612869

394 safid the Skirmisher (level 6, -1/51 HPs)
             Began as a Minotaur Hunter on Oct 21, 2022.
             Slain by a water moccasin (8 damage)
             ... on level 4 of the Dungeon.
             The game lasted 00:05:01 (3671 turns).

safid the Skirmisher (Minotaur Hunter)              Turns: 3671, Time: 00:05:02

Health: -1/51      AC: 12    Str: 12 (15) XL:     6   Next: 51%
Magic:  5/5        EV:  9    Int:  3 (6)  God:
Gold:   164        SH:  0    Dex: 13 (16) Spells: 5/5 levels left

rFire   . . .      SeeInvis .   a - +0 shortbow
rCold   . . .      Faith    .   (shield currently unavailable)
rNeg    . . .      Spirit   .   j - +0 scale mail
rPois   .          Reflect  .   (helmet restricted)
rElec   .          Harm     .   (no cloak)
rCorr   .          Rampage  .   (no gloves)
Will    .....                   k - +1 pair of boots {Fly}
Stlth   ..........              (no amulet)
HPRegen 0.17/turn               b - +4 ring of protection
MPRegen 0.09/turn               (no ring)

@: lethally poisoned (-1 -> -7), flying
A: horns 2, retaliatory headbutt
a: no special abilities


You were on level 4 of the Dungeon.
You visited 1 branch of the dungeon, and saw 4 of its levels.

You collected 164 gold pieces.

Inventory:

Hand Weapons
 a - a +0 shortbow (weapon)
Armour
 j - a +0 scale mail (worn)
 k - a +1 pair of boots of flying (worn)
Jewellery
 b - a +4 ring of protection (left hand)
 h - a ring of positive energy
Scrolls
 c - a scroll of blinking {unknown}
 e - 4 scrolls of identify {unknown}
Potions
 d - a potion of lignification {unknown}
 g - a potion of attraction
 l - a potion of mutation {unknown}


   Skills:
 - Level 3.0 Fighting
 + Level 8.5 Ranged Weapons
 - Level 2.1 Dodging
 - Level 0.7 Stealth


You had 5 spell levels left.
You didn't know any spells.
Your spell library contained the following spells:

 Spells                   Type           Power      Damage    Failure   Level
 Dazzling Flash           Conj/Hex       0%         N/A       100%        3
 Iskenderun's Mystic Bla  Conj/Tloc      0%         2d3       100%        4
 Starburst                Conj/Fire      0%         6d3       100%        6


Dungeon Overview and Level Annotations

Branches:
Dungeon (4/15)
 Temple: D:4-7

Altars:
Wu Jian


Innate Abilities, Weirdness & Mutations

You have a pair of horns on your head.
You reflexively headbutt those who attack you in melee.


Message History

The water moccasin bites you but does no damage.
Unknown command.
Fire: a) +0 shortbow
Press: ? - help, Q - select action Shift-Dir - straight line, f/p - water moccasin
Aim: a water moccasin (severely wounded, 46% to hit)
You shoot an arrow. The arrow hits the water moccasin.
The water moccasin is severely wounded.
* * * LOW HITPOINT WARNING * * *
You feel very sick. The giant cockroach closely misses you.
The water moccasin bites you but does no damage.
The giant cockroach bites you but does no damage.
The water moccasin bites you but does no damage.
It was a potion of curing.
You feel better. The giant cockroach bites you. The water moccasin bites you!
* * * LOW HITPOINT WARNING * * *
You are poisoned.
The water moccasin poisons you!
Fire: a) +0 shortbow
Press: ? - help, Q - select action Shift-Dir - straight line, f/p - water moccasin
Aim: a water moccasin (severely wounded, 46% to hit)
You shoot an arrow.
The arrow barely misses the water moccasin.
* * * LOW HITPOINT WARNING * * *
You feel very sick. The water moccasin closely misses you.
You furiously retaliate!
You headbutt the water moccasin, but do no damage.
The giant cockroach closely misses you.
The water moccasin bites you but does no damage.
The giant cockroach bites you but does no damage.
Fire: a) +0 shortbow
Press: ? - help, Q - select action Shift-Dir - straight line, f/p - water moccasin
Aim: a water moccasin (severely wounded, 46% to hit)
You shoot an arrow. The arrow hits the water moccasin.
The water moccasin is almost dead.
* * * LOW HITPOINT WARNING * * *
You feel sick.
The water moccasin bites you but does no damage.
The giant cockroach barely misses you. The water moccasin bites you!
You die...

#. #..# ..
#..# # .
)..#
#.#.#..#
...#..#
...>#######
#S.B......
#.@# #<.#
##.# #.#
#.# #.. ###


You could see a water moccasin and a giant cockroach.

Vanquished Creatures
  Sigmund (D:3)
  2 orc priests (D:3)
  A jelly (D:3)
  2 orc wizards (D:3)
  An adder (D:3)
  A worm (D:2)
  A dart slug (D:2)
  10 orcs (D:3)
  4 endoplasms
  4 giant cockroaches
  9 goblins
  7 hobgoblins
  3 jackals (D:2)
  7 kobolds
  5 quokkas
  3 ball pythons
  8 bats
  5 frilled lizards
  7 rats
81 creatures vanquished.

Notes
Turn   | Place    | Note
-------+----------+-------------------------------------------
     0 | D:1      | safid the Minotaur Hunter began the quest for the Orb.
     0 | D:1      | Reached XP level 1. HP: 18/18 MP: 0/0
   200 | D:1      | Reached XP level 2. HP: 25/25 MP: 1/1
   608 | D:1      | Reached skill level 5 in Ranged Weapons
  1270 | D:2      | Reached XP level 3. HP: 31/31 MP: 2/2
  1374 | D:2      | Found an ornate altar of the Wu Jian Council.
  2385 | D:3      | Noticed Sigmund
  2509 | D:3      | Killed Sigmund
  2510 | D:3      | Reached skill level 7 in Ranged Weapons
  2510 | D:3      | Reached XP level 4. HP: 22/38 MP: 3/3
  2510 | D:3      | Reached XP level 5. HP: 26/45 MP: 4/4
  3090 | D:3      | Reached XP level 6. HP: 27/51 MP: 5/5
  3093 | D:3      | Reached skill level 8 in Ranged Weapons
  3660 | D:4      | Noticed a water moccasin
  3671 | D:4      | Slain by a water moccasin

Illustrated notes

Levels and vault maps discovered:
D:1:      nzn_arrival_crosshair, layout_basic
D:2:      layout_basic, basic_altar, minmay_small_reverse_x
D:3:      layout_loops_ring, minmay_misc_feat_plants, uniq_sigmund
D:4:      layout_basic, minmay_temple_entry_water_ring

Skill      XL: |  1  2  3  4  5  6 |
---------------+-------------------+-----
Fighting       | 3 |  3.0
Ranged Weapons | 5 7 8 |  8.5
Dodging        | |  2.1
Stealth        | |  0.7

Action                   |  1- 3 |  4- 6 || total
-------------------------+-------+-------++-------
 Fire: Shortbow          |   132 |   110 ||   242
  Use: Potion            |       |     4 ||     4
Armor: Leather armour    |    15 |       ||    15
       Ring mail         |     1 |     1 ||     2
       Scale mail        |       |    39 ||    39
Dodge: Dodged            |    41 |    31 ||    72
